 Dungeon Crawl Stone Soup version 0.30-a0-168-g0b976cbdc4 (webtiles) character file.

Game seed: 14867162795916061833

163 jlumianski the Chopper (level 5, 0/48 HPs)
             Began as a Gargoyle Gladiator on Sept 30, 2022.
             Slain by a gnoll
             ... wielding a +0 flail
              (4 damage)
             ... on level 3 of the Dungeon.
             The game lasted 00:09:24 (3002 turns).

jlumianski the Chopper (Gargoyle Gladiator)         Turns: 3002, Time: 00:09:25

Health: 0/48       AC: 22    Str: 20    XL:     5   Next: 44%
Magic:  5/5        EV:  2    Int:  8    God:
Gold:   232        SH:  0    Dex: 11    Spells: 4/4 levels left

rFire   . . .      SeeInvis .    a - +0 war axe
rCold   . . .      Faith    .    (no shield)
rNeg    + . .      Spirit   .    (body armour currently unavailable)
rPois   ∞          Reflect  .    (helmet currently unavailable)
rElec   .          Harm     .    (cloak currently unavailable)
rCorr   .          Rampage  .    (gloves currently unavailable)
Will    .....      NoTele   +    (boots currently unavailable)
Stlth   +.........               (no amulet)
HPRegen 0.16/turn                (no ring)
MPRegen 0.09/turn                (no ring)

@: tree-form
A: stationary, stasis, torment immunity, boosted hp, sickness immunity, AC +4,
negative energy resistance 1, (electricity resistance), torment resistance 1,
petrification resistance
a: no special abilities


You were on level 3 of the Dungeon.
You were a tree.
You visited 1 branch of the dungeon, and saw 4 of its levels.

You collected 232 gold pieces.

Inventory:

Hand Weapons
 a - a +0 war axe (weapon)
 l - the +3 halberd of Sougay {venom, rF- rN+ MP+9 Str+2}
   (You found it on level 2 of the Dungeon)

   It poisons the flesh of those it strikes.
   Str:       It affects your strength (+2).
   rF:        It makes you vulnerable to fire.
   rN:        It protects you from negative energy.
   MP:        It affects your magic capacity (+9).
 p - a +2 vorpal mace
Missiles
 d - 3 throwing nets
 e - a javelin
 i - 4 boomerangs (quivered)
 m - 4 poisoned darts
Armour
 b - a +0 leather armour
 c - a +0 helmet (melded)
 h - a +0 scale mail (melded)
Jewellery
 j - a ring of protection from fire
 q - a +6 ring of intelligence
Wands
 f - a wand of iceblast (5)
Scrolls
 g - a scroll of poison
 k - a scroll of torment
 n - a scroll of vulnerability


   Skills:
 + Level 3.1 Fighting
 + Level 4.3 Axes
 + Level 2.0 Throwing
 + Level 1.5 Armour
 + Level 2.9 Dodging


You had 4 spell levels left.
You didn't know any spells.
Your spell library was empty.

Dungeon Overview and Level Annotations

Branches:
Dungeon (4/15)
 Temple: D:4-7

Altars:


Innate Abilities, Weirdness & Mutations

You are a tree.
Your roots penetrate the ground, keeping you stationary.
You cannot be teleported.
You are immune to unholy pain and torment.
Your maximum health is greatly increased.
Your equipment is partially melded.
You are immune to sickness and miasma.
((Your stone body is resilient. (AC +4)))
You are immune to poison.
You resist negative energy. (rN+)
((You are resistant to electric shocks. (rElec)))
You are resistant to unholy torment.
You are immune to petrification.


Message History

You struggle against the net.
The gnoll hits you but does no damage. The gnoll hits you with a +0 flail!
The gnoll completely misses you.
You rip the net and break free!
The gnoll barely misses you. The gnoll hits you with a +0 flail.
The gnoll hits you but does no damage. The gnoll hits you with a +0 whip.
The gnoll hits you with a +0 flail. The gnoll closely misses you.
You climb upwards.
There is a stone staircase leading down here.
The gnoll attacks as you move away! The gnoll closely misses you.
The gnoll attacks as you move away! The gnoll hits you with a +0 flail.
The gnoll attacks as you move away! The gnoll barely misses you.
The gnoll attacks as you move away! The gnoll hits you but does no damage.
The gnoll attacks as you move away! The gnoll closely misses you.
The gnoll attacks as you move away! The gnoll hits you with a +0 flail.
The gnoll attacks as you move away! The gnoll hits you but does no damage.
You slash the gnoll!
The gnoll is almost dead.
The gnoll barely misses you.
You slash the gnoll!
You kill the gnoll!
The gnoll throws a throwing net.
The throwing net hits you.
You become entangled in the net!
You struggle against the net.
You struggle against the net.
The gnoll completely misses you.
Unknown command.
You rip the net and break free!
The gnoll closely misses you.
You closely miss the gnoll. The gnoll hits you with a +0 flail!
* * * LOW HITPOINT WARNING * * *
Really quaff the potion of lignification?
You turn into a tree.
Your +0 helmet melds into your body.
Your +0 scale mail melds into your body.
Your roots penetrate the ground.
The gnoll hits you with a +0 flail.
* * * LOW HITPOINT WARNING * * *
You barely miss the gnoll. The gnoll hits you with a +0 flail.
* * * LOW HITPOINT WARNING * * *
You hit the gnoll but do no damage.
The gnoll hits you but does no damage. x2
You slash the gnoll!
The gnoll is almost dead.
The gnoll hits you with a +0 flail.
You die...

###
#########.##########
...........†)......##
#########........>..#
...........#######..#
...# ####### #..# ...#
#..## ...# #####...#
...######## ##..♣gg#.#
.÷........###...##...#
...#.....).........###
#.##.####.###...#..#
#.##.# #.# #......#
#.##.# #.# #...#(##
.....# #.# #.....#
#....# #.# ##..#.#
####†# #.# #....#


You could see 2 gnolls.

Vanquished Creatures
  An iguana (D:3)
  A gnoll (D:3)
  6 adders
  A worm (D:2)
  4 dart slugs
  5 ball pythons
  4 bats
  6 endoplasms
  A giant cockroach (D:3)
  6 goblins
  3 hobgoblins (D:1)
  6 jackals
  6 quokkas
  4 frilled lizards
  5 kobolds
  5 rats
64 creatures vanquished.

Vanquished Creatures (others)
  2 plants (D:1)
2 creatures vanquished.

Grand Total: 66 creatures vanquished

Notes
Turn   | Place    | Note
-------+----------+-------------------------------------------
     0 | D:1      | jlumianski the Gargoyle Gladiator began the quest for the
                  | Orb.
     0 | D:1      | Reached XP level 1. HP: 12/12 MP: 1/1
    46 | D:1      | Reached XP level 2. HP: 12/17 MP: 2/2
   378 | D:1      | Reached skill level 3 in Axes
   627 | D:1      | Found a faded altar of an unknown god.
   654 | D:1      | Reached XP level 3. HP: 21/21 MP: 3/3
   733 | D:2      | HP: 1/21 [adder (3)]
  1458 | D:2      | Identified the +3 halberd of Sougay {venom, rF- rN+ MP+9
                  | Str+2}
  1490 | D:2      | Reached XP level 4. HP: 10/27 MP: 4/4
  1495 | D:2      | Reached skill level 1 in Armour
  1763 | D:4      | Noticed a black bear
  2641 | D:3      | Reached skill level 4 in Axes
  2657 | D:3      | Reached XP level 5. HP: 32/32 MP: 5/5
  3002 | D:3      | Slain by a gnoll

Illustrated notes

Levels and vault maps discovered:
D:1:      eino_arrival_water_cross, layout_loops_ring,
          nicolae_ecumenical_lake_church
D:2:      layout_loops_cross, kennysheep_generic_room_9
D:3:      layout_loops_ring
D:4:      layout_cave_pools, uniq_grinder, uniq_pikel

Skill      XL: |  1  2  3  4  5 |
---------------+----------------+-----
Throwing       | 2 |  2.0
Axes           | 3 4 |  4.3
Armour         | 1 |  1.5
Fighting       | 3 |  3.1
Dodging        | |  2.9

Action                   |  1- 3 |  4- 6 || total
-------------------------+-------+-------++-------
Melee: War axe           |   130 |    95 ||   225
       Punch             |     1 |       ||     1
  Use: Potion            |     2 |     1 ||     3
       Scroll            |       |     7 ||     7
Armor: Leather armour    |    76 |     7 ||    83
       Scale mail        |       |    34 ||    34
       Skin              |       |     2 ||     2
Dodge: Dodged            |   127 |    63 ||   190

Table legend: (Time is in decaauts)
 A = Elapsed time spent in this place.
 B = Non-inter-level travel time spent in this place.
 C = Inter-level travel time spent in this place.
 D = Time resting spent in this place.
 E = Time spent auto-exploring this place.
 F = Levels seen in this place.
 G = Mean time per level.
                   A        B        C        D        E       F      G
               +--------+--------+--------+--------+--------+-----+--------+
         Total |   3081 |   3005 |     76 |    300 |   1599 |   4 |  770.2 |
       Dungeon |   3081 |   3005 |     76 |    300 |   1599 |   4 |  770.2 |
               +--------+--------+--------+--------+--------+-----+--------+

Top non-repeatable levels by time:
     D:1: 1392 daAuts
     D:2: 973 daAuts
     D:3: 701 daAuts
     D:4: 14 daAuts
